Map: Bel'Shir Vestige LE (Void)

Players

Probe

  • Race: Protoss Protoss
  • Spawn Location: 11:00

Cham - Winner!

  • Race: Zerg Zerg
  • Spawn Location: 5:00

Event: WCS Austin 2017

VOD

Have the link to the VOD?

Description

Time

  • Played on: April 29, 2017, 1:33 p.m.
  • Length: 11:44

All games in this series

Show
View Real Time Build Order
Export as new Build Order

Probe Protoss 

Build Orders: 1 Gate Expand 

Get SALT Encoding   

  12  0:00  Probe (Chrono Boost)  
  13  0:11  Probe (Chrono Boost)  
  14  0:19  Pylon  
  14  0:22  Probe (Chrono Boost)  
  15  0:37  Probe (Chrono Boost)  
  15  0:40  Gateway  
  16  0:48  Probe (Chrono Boost)  
  16  0:49  Assimilator  
  17  0:58  Probe (Chrono Boost)  
  18  1:09  Probe (Chrono Boost)  
  19  1:21  Nexus  
  19  1:24  Probe (Chrono Boost)  
  20  1:34  Cybernetics Core  
  20  1:36  Probe (Chrono Boost)  
  21  1:44  Assimilator  
  21  1:47  Probe (Chrono Boost)  
  21  1:51  Pylon  
  22  1:58  Probe (Chrono Boost)  
  23  2:07  Stalker  
  23  2:10  Probe (Chrono Boost)  
  23  2:11  Warp Gate  
  26  2:22  Probe (Chrono Boost)  
  27  2:30  Robotics Facility  
  27  2:33  Probe (Chrono Boost)  
  27  2:34  Probe (Chrono Boost)  
  29  2:40  Adept  
  31  2:44  Probe (Chrono Boost)  
  31  2:45  Probe (Chrono Boost)  
  33  2:55  Mothership Core (Chrono Boost), Probe (Chrono Boost)  
  36  3:02  Pylon  
  36  3:06  Probe (Chrono Boost)  
  37  3:13  Immortal, Probe (Chrono Boost)  
  37  3:18  Probe (Chrono Boost)  
  43  3:26  Gateway  
  43  3:30  Gateway  
  43  3:33  Probe x2 (Chrono Boost)  
  45  3:43  Probe (Chrono Boost)  
  45  3:45  Probe (Chrono Boost)  
  45  3:47  Warp Prism  
  47  3:48  Pylon  
  47  3:54  Probe (Chrono Boost)  
  50  3:57  Probe (Chrono Boost)  
  50  4:01  Assimilator  
  51  4:03  Assimilator  
  51  4:04  Probe (Chrono Boost)  
  51  4:07  Pylon  
  53  4:10  Probe (Chrono Boost)  
  53  4:15  Probe (Chrono Boost)  
  54  4:22  Probe (Chrono Boost)  
  54  4:24  Observer  
  54  4:25  Probe (Chrono Boost)  
  54  4:29  Sentry x3  
  62  4:33  Nexus  
  62  4:34  Probe (Chrono Boost)  
  62  4:36  Pylon  
  63  4:40  Pylon  
  63  4:48  Probe x2 (Chrono Boost)  
  64  4:55  Adept x3  
  71  5:00  Probe (Chrono Boost)  
  71  5:01  Probe (Chrono Boost)  
  72  5:07  Immortal  
  78  5:18  Gateway  
  78  5:20  Sentry, Gateway  
  78  5:25  Pylon x2  
  78  5:36  Gateway x2  
  78  5:40  Gateway  
  78  5:45  Probe (Chrono Boost), Sentry x3  
  78  5:48  Pylon  
  69  6:08  Pylon  
  69  6:09  Pylon  
  68  6:16  Immortal  
  66  6:22  Zealot x2, Cybernetics Core  
  73  6:26  Probe x2 (Chrono Boost)  
  73  6:28  Probe (Chrono Boost)  
  73  6:30  Robotics Bay  
  76  6:33  Gateway  
  74  6:45  Pylon  
  74  6:46  Probe (Chrono Boost)  
  75  6:59  Stalker x5  
  85  7:11  Sentry x3  
  91  7:18  Nexus  
  91  7:21  Pylon  
  91  7:30  Disruptor  
  94  7:41  Adept x4  
  102  7:49  Nexus  
  102  7:50  Pylon  
  102  7:54  Sentry x3  
  102  7:57  Pylon  
  108  7:59  Pylon  
  108  8:15  Pylon  
  108  8:17  Stalker x3  
  108  8:18  Stalker  
  112  8:28  Disruptor  
  115  8:35  Stalker  
  115  8:36  Stalker  
  119  8:55  Stalker x5  
  125  8:59  Probe (Chrono Boost)  
  125  9:00  Probe (Chrono Boost)  
  129  9:12  Probe (Chrono Boost)  
  124  9:21  Stalker x4  
  124  9:22  Sentry  
  106  9:30  Disruptor  
  96  9:31  Stalker x2  
  103  9:39  Probe (Chrono Boost)  
  103  9:40  Probe (Chrono Boost)  
  103  9:42  Probe (Chrono Boost)  
  106  9:49  Probe (Chrono Boost)  
  107  9:54  Stalker x3  
  89  10:10  Stalker x2  
  89  10:11  Stalker x2  
  89  10:12  Probe (Chrono Boost)  
  89  10:14  Probe x2 (Chrono Boost)  
  78  10:23  Probe (Chrono Boost)  
  78  10:26  Probe (Chrono Boost)  
  80  10:30  Stalker x4  
  80  10:34  Sentry  
  80  10:35  Stalker, Sentry  
  94  10:42  Pylon, Adept  
  96  10:44  Pylon  
  96  10:48  Disruptor  
  96  10:54  Adept  
  96  10:56  Adept  
  103  10:58  Probe (Chrono Boost)  
  103  10:59  Assimilator, Probe (Chrono Boost)  
  103  11:01  Assimilator  
  105  11:07  Stalker x2  
  105  11:10  Stalker  
  109  11:11  Zealot x3  
  109  11:27  Stalker x2  
  105  11:33  Zealot x2  
  105  11:34  Stalker x2  
Show
View Real Time Build Order
Export as new Build Order

Cham Zerg - Winner!

Build Orders: Hatch First 

Get SALT Encoding   

  12  0:01  Drone  
  13  0:08  Drone  
  14  0:16  Overlord  
  14  0:34  Drone  
  15  0:44  Hatchery  
  15  0:47  Drone  
  15  0:51  Drone  
  15  0:55  Drone  
  17  1:00  Drone  
  18  1:09  Extractor  
  17  1:15  Spawning Pool  
  17  1:17  Drone  
  17  1:23  Drone  
  18  1:32  Drone  
  19  1:41  Drone  
  20  1:57  Drone  
  20  1:58  Drone  
  20  1:59  Hatchery  
  21  2:02  Queen  
  21  2:05  Drone  
  24  2:11  Overlord  
  24  2:16  Drone  
  24  2:17  Drone  
  26  2:28  Queen  
  28  2:32  Drone x2  
  32  2:45  Pneumatized Carapace  
  32  2:46  Drone  
  32  2:48  Overlord  
  32  2:49  Drone  
  32  2:51  Drone  
  33  2:55  Overlord  
  33  3:00  Overlord  
  33  3:06  Queen  
  33  3:08  Drone  
  33  3:12  Drone  
  37  3:14  Drone x3  
  37  3:17  Drone  
  41  3:22  Queen  
  41  3:24  Drone x2  
  41  3:27  Drone  
  46  3:30  Metabolic Boost  
  46  3:33  Overlord  
  46  3:37  Drone x2  
  48  3:43  Zergling x2  
  48  3:44  Zergling x6  
  48  3:47  Zergling x2  
  53  3:50  Drone  
  53  3:52  Drone x2  
  53  3:55  Extractor  
  55  3:57  Roach Warren  
  55  3:59  Zergling x4  
  56  4:03  Zergling x4  
  56  4:07  Drone  
  56  4:09  Drone  
  60  4:10  Overlord  
  60  4:12  Drone x2  
  60  4:16  Drone x2  
  64  4:20  Drone x2  
  64  4:21  Overlord  
  66  4:27  Overlord  
  66  4:30  Overlord  
  66  4:33  Zergling x6  
  66  4:38  Roach x2  
  73  4:40  Roach, Overlord x2  
  73  4:42  Roach  
  76  4:46  Roach x2  
  76  4:50  Roach x2  
  83  4:54  Roach  
  83  4:55  Roach x2  
  83  4:58  Roach  
  83  4:59  Roach  
  88  5:06  Roach, Zergling x2  
  88  5:12  Overlord  
  88  5:13  Zergling x6  
  90  5:16  Zergling x2  
  90  5:18  Zergling x4  
  90  5:19  Zergling x2  
  94  5:22  Ravager, Overlord  
  94  5:23  Zergling x6  
  94  5:24  Zergling x2  
  99  5:29  Ravager  
  99  5:30  Overlord  
  99  5:33  Zergling x4  
  102  5:40  Overlord  
  102  5:42  Ravager  
  103  5:43  Zergling x4  
  103  5:48  Zergling x2  
  104  5:57  Hatchery  
  104  5:58  Zergling x8  
  104  5:59  Zergling x8  
  109  6:05  Zergling x6  
  109  6:09  Zergling x2  
  109  6:17  Zergling x4  
  103  6:19  Lair  
  98  6:26  Zergling x6  
  98  6:29  Drone  
  98  6:32  Drone x5, Evolution Chamber  
  106  6:34  Baneling Nest  
  106  6:36  Hatchery  
  101  6:42  Drone x2  
  101  6:43  Drone  
  101  6:44  Ravager x2  
  106  6:50  Drone x3  
  106  6:53  Drone x3  
  106  6:54  Drone  
  109  6:56  Drone x2  
  109  6:59  Zerg Melee Weapons Level 1  
  108  7:02  Extractor  
  108  7:03  Extractor  
  108  7:05  Overlord, Extractor x2  
  108  7:06  Drone  
  108  7:07  Drone, Spore Crawler  
  108  7:08  Spore Crawler  
  104  7:09  Drone x3  
  104  7:10  Drone, Spore Crawler  
  107  7:18  Zergling x4  
  107  7:21  Zergling x4  
  111  7:26  Zergling x2  
  111  7:29  Zergling x2  
  113  7:31  Zergling x4  
  113  7:33  Overlord  
  113  7:36  Roach x2, Zergling x4  
  121  7:40  Zergling x4  
  121  7:41  Ravager, Zergling x2  
  121  7:42  Ravager x2  
  125  7:48  Drone x3  
  125  7:49  Hatchery  
  125  7:50  Drone  
  125  7:54  Drone x3  
  125  7:55  Queen, Spire  
  129  8:00  Zergling x8  
  129  8:04  Roach x2  
  129  8:05  Zergling x4  
  138  8:09  Drone x3  
  139  8:13  Drone  
  139  8:14  Drone x3  
  139  8:18  Drone  
  139  8:19  Overlord  
  143  8:22  Zergling x4  
  132  8:27  Roach  
  132  8:28  Roach x3  
  132  8:31  Roach  
  141  8:37  Overlord  
  140  8:41  Zergling x2  
  140  8:42  Zergling x14  
  140  8:43  Roach  
  140  8:45  Zergling x6  
  140  8:48  Baneling x7  
  151  8:51  Zergling x4  
  151  8:53  Glial Reconstitution  
  153  8:55  Overlord  
  153  8:56  Overlord  
  153  8:57  Baneling  
  153  8:58  Baneling  
  153  9:00  Ravager x3  
  152  9:04  Baneling  
  152  9:05  Baneling x7  
  152  9:07  Baneling  
  152  9:08  Centrifical Hooks, Baneling x5  
  148  9:15  Zergling x2  
  136  9:17  Zergling x2  
  136  9:18  Zergling x2  
  136  9:20  Zergling x6  
  130  9:29  Zergling x2  
  124  9:31  Zergling x10  
  124  9:32  Zergling x26  
  124  9:37  Ravager x7  
  124  9:38  Zergling x8  
  151  9:39  Zergling x2  
  151  9:40  Zergling x2  
  151  9:42  Zergling x4  
  151  9:44  Zergling x4  
  159  9:47  Zergling x6  
  159  9:49  Baneling x3  
  142  10:00  Zergling x8  
  142  10:01  Zergling x4  
  142  10:06  Zergling x4  
  142  10:07  Zergling x10  
  142  10:13  Zergling x10  
  148  10:16  Baneling  
  148  10:17  Baneling x10  
  148  10:18  Zergling x8  
  148  10:20  Zergling x4  
  154  10:23  Mutalisk x2  
  157  10:29  Mutalisk  
  157  10:31  Mutalisk  
  157  10:33  Zergling x8  
  157  10:34  Zergling x6  
  168  10:40  Mutalisk  
  170  10:43  Overlord x2  
  170  10:45  Mutalisk  
  170  10:47  Drone  
  172  10:53  Overlord x3  
  172  10:54  Overseer  
  172  11:12  Zergling x40  
  172  11:13  Zergling x2  
  172  11:16  Zergling x4  
  187  11:27  Zergling x24  
  187  11:29  Baneling x3  
  187  11:30  Baneling x6  
Tags
 
Add a new tag
Caveats
  • Supply blocks, unpowered buildings, or Contaminate may cause inaccurate times.
  • Supply counts are checked every 10 seconds.